 Dungeon Crawl Stone Soup version 0.15-a0-1110-g1e9b520 (console) character file.

44 gw the Cudgeler (level 3, -9/39 HPs)
             Began as an Ogre Berserker on May 28, 2014.
             Was a Believer of Trog.
             Mangled by a gnoll
             ... wielding a +0,+0 halberd
              (13 damage)
             ... on Level 2 of the Dungeon.
             The game lasted 00:00:30 (1022 turns).

gw the Cudgeler (Ogre Berserker)                    Turns: 1022, Time: 00:00:30

HP  -9/39        AC  3     Str 22      XL: 3   Next: 62%
MP   3/3         EV 10     Int  6      God: Trog [**....]
Gold 0           SH  0     Dex 10      Spells:  0 memorised,  2 levels left

rFire  . . .     SeeInvis .     a - +0 mace
rCold  . . .     Clarity  .     b - +0 animal skin
rNeg   . . .     Conserve .     (shield restricted)
rPois  .         rCorr    .     (helmet restricted)
rElec  .         rRot     .     (no cloak)
SustAb .         Spirit   .     (gloves unavailable)
rMut   .         Warding  .     (boots unavailable)
Gourm  .         Stasis   .     (no amulet)
MR     .....                    (no ring)
                                (no ring)

@: exhausted, very slightly contaminated, hasted and slowed, not resistant to
hostile enchantments, very unstealthy
A: unfitting armour, tough skin 1
a: Burn Spellbooks, Berserk, Trog's Hand, Renounce Religion


You were on level 2 of the Dungeon.
You worshipped Trog.
Trog was pleased with you.
You were near starving.

You visited 1 branch of the dungeon, and saw 2 of its levels.

Inventory:

Hand weapons
 a - a +0,+0 mace (weapon)
Armour
 b - a +0 animal skin (worn)
Comestibles
 c - 2 meat rations


   Skills:
 + Level 4.2 Fighting
 * Level 4.9 Maces & Flails
 + Level 1.4 Throwing
 + Level 3.2 Dodging


You had 2 spell levels left.
You didn't know any spells.

Dungeon Overview and Level Annotations

Branches:
Dungeon (2/15)

Altars:


Innate Abilities, Weirdness & Mutations

You are too large for most types of armour.
You have tough skin (AC +1).


Message History

You are exhausted.
You feel yourself slow down.
You are feeling very hungry.
You are near starving!
A gnoll comes into view. It is wielding a whip.
MOVING TO (5,2)
The gnoll hits you with a halberd. The kobold hits you but does no damage.
Unknown command.
Unknown command.
Unknown command.
The gnoll shouts!
The gnoll hits you with a flail.
The gnoll hits you from afar with a halberd!
Unknown command.
Unknown command.
Unknown command.
Unknown command.
MOVING TO (4,2)
The kobold hits you with a dagger.
The gnoll hits you from afar with a halberd!
You die...

. ... #....
#####.....
###.......#
#.......#
#>#.gO....#
#.g..K....#
#S.....##g)..#####
.....#....#..(...#
...#......#.%[...#
.# ##.....#......#
...g..###.#...#
......###.#...#
##...........<#


You could see 3 gnolls, an adder (wandering) and a kobold.

Table legend:
 A = Turns spent in this place as a percentage of turns spent in the entire game.
 B = Non-inter-level travel turns spent in this place as a percentage of non-inter-level travel turns spent in the entire game.
 C = Inter-level travel turns spent in this place as a percentage of turns spent in this place.
 D = Turns resting spent in this place as a percentage of non-inter-level travel turns spent in this place.
 E = Turns spent auto-exploring this place as a percentage of non-inter-level travel turns spent in this place.
 F = Non-inter-level travel turns spent in this place divided by the number of levels of this place that you've seen.
                   A       B       C       D       E      F
               +-------+-------+-------+-------+-------+----------------------
         Total | 100.0 | 100.0 |   0.1 |   2.4 |   5.4 | 551.5
       Dungeon | 100.0 | 100.0 |   0.1 |   2.4 |   5.4 | 551.5
               +-------+-------+-------+-------+-------+----------------------

Table legend:
 A = Kills in this place as a percentage of kills in entire the game.
 B = Kills by you in this place as a percentage of kills by you in the entire game.
 C = Kills by friends in this place as a percentage of kills by friends in the entire game.
 D = Other kills in this place as a percentage of other kills in the entire game.
 E = Experience gained in this place as a percentage of experience gained in the entire game.
 F = Experience gained in this place divided by the number of levels of this place that you have seen.
                   A       B       C       D       E      F
               +-------+-------+-------+-------+-------+----------------------
         Total | 100.0 | 100.0 |  -nan |  -nan | 100.0 |  32.0
       Dungeon | 100.0 | 100.0 |  -nan |  -nan | 100.0 |  32.0
               +-------+-------+-------+-------+-------+----------------------

Vanquished Creatures
  Jessica (D:2)
  2 giant cockroaches (D:1)
  6 hobgoblins (D:1)
  5 bats (D:1)
  A giant gecko (D:1)
  4 goblins
  3 kobolds (D:1)
  4 rats
26 creatures vanquished.

Notes
Turn   | Place    | Note
--------------------------------------------------------------
     0 | D:1      | gw, the Ogre Berserker, began the quest for the Orb.
     0 | D:1      | Reached XP level 1. HP: 24/24 MP: 1/1
   173 | D:1      | Reached XP level 2. HP: 32/32 MP: 2/2
   269 | D:1      | Acquired Trog's second power
   690 | D:1      | Reached skill level 1 in Throwing
   753 | D:1      | Reached XP level 3. HP: 37/39 MP: 3/3
  1008 | D:2      | Noticed Jessica
  1015 | D:2      | Killed Jessica
  1022 | D:2      | Mangled by a gnoll

Action                   || total
-------------------------++-------
Melee: Mace              ||    58
Throw: Dart              ||    29
Invok: Berserk           ||     1
  Use: Potion            ||     5
       Scroll            ||     3

Vault maps used:
D:1:      minmay_arrival_stone_box
D:2:      first_bread, uniq_jessica
